 Dungeon Crawl Stone Soup version 0.26.1-2-gb8aa6d0cf2 (webtiles) character file.

Game seed: 4579790856039370418

106 MalarOregon the Chucker (level 5, -7/34 HPs)
             Began as a Halfling Hunter on Mar 28, 2021.
             Mangled by a gnoll
             ... wielding a +0 club
              (9 damage)
             ... on level 3 of the Dungeon.
             The game lasted 00:06:01 (3172 turns).

MalarOregon the Chucker (Halfling Hunter)           Turns: 3172, Time: 00:06:01

Health: -7/34      AC:  3    Str: 14    XL:     5   Next: 10%
Magic:  5/5        EV: 12    Int:  9    God:
Gold:   52         SH:  8    Dex: 15    Spells: 4/4 levels left

rFire    . . .     SeeInvis .   o - +2 dagger (speed)
rCold    . . .     Faith    .   p - +0 kite shield (curse)
rNeg     . . .     Spirit   .   b - +0 leather armour
rPois    .         Reflect  .   (no helmet)
rElec    .         Harm     .   (no cloak)
rCorr    .         Rampage  .   (no gloves)
Will     .....                  (no boots)
Stlth    ++........             (no amulet)
HPRegen  0.11/turn              (no ring)
MPRegen  0.09/turn              (no ring)

@: no status effects
A: small, mutation resistance 1
a: no special abilities


You were on level 3 of the Dungeon.
You visited 1 branch of the dungeon, and saw 3 of its levels.

You collected 52 gold pieces.

Inventory:

Hand Weapons
 a - a +0 short sword
 o - a +2 dagger of speed (weapon)
   (You took it off a kobold on level 2 of the Dungeon)
Missiles
 c - 8 boomerangs (quivered)
 d - 2 throwing nets {!f}
 h - 142 stones
Armour
 b - a +0 leather armour (worn)
 p - a cursed +0 kite shield (worn)
   (You found it on level 2 of the Dungeon)
 q - a +0 helmet
   (You took it off Robin on level 2 of the Dungeon)
Jewellery
 n - an uncursed ring of protection from cold {unknown}
   (You found it on level 2 of the Dungeon)
Scrolls
 f - 4 scrolls of identify {unknown}
 j - a scroll of magic mapping {unknown}
 k - 3 scrolls of remove curse {unknown}
 m - a scroll of teleportation {unknown}
 t - a scroll of fear {unknown}
Potions
 g - a potion of lignification {unknown}
 i - a potion of flight {unknown}
 l - a potion of brilliance {unknown}
 r - a potion of heal wounds {@q2}
 s - a potion of resistance {unknown}


   Skills:
 + Level 2.3 Fighting
 * Level 2.1 Long Blades
 + Level 4.4 Throwing
 + Level 2.8 Dodging
 + Level 2.2 Stealth
 + Level 1.0 Shields


You had 4 spell levels left.
You didn't know any spells.
Your spell library was empty.

Dungeon Overview and Level Annotations

Branches:
Dungeon (3/15)

Altars:
Fedhas


Innate Abilities, Weirdness & Mutations

You are small and have problems with some larger weapons.
You are somewhat resistant to further mutation.


Message History

The gnoll barely misses you.
Throw: 10 boomerangs
Aim: a gnoll, quivering 2 throwing nets (heavily wounded, 65% to hit)
You throw a boomerang. The boomerang hits the gnoll.
You block the gnoll's attack. The gnoll barely misses you.
Throw: 9 boomerangs
Aim: a gnoll, quivering 2 throwing nets (almost dead, 65% to hit)
You throw a boomerang.
The boomerang hits the gnoll but does no damage.
The gnoll completely misses you.
Throw: 9 boomerangs
Aim: a gnoll, quivering 2 throwing nets (almost dead, 65% to hit)
You throw a boomerang. The boomerang hits the gnoll.
The gnoll hits you!
* * * LOW HITPOINT WARNING * * *
Throw: 9 boomerangs
Aim: a gnoll, quivering 2 throwing nets (almost dead, 65% to hit)
You throw a boomerang. The boomerang hits the gnoll.
You kill the gnoll!
Your Shields skill increases to level 1!
You have reached level 5!
You feel agile.
A gnoll is nearby!
Throw: 8 boomerangs
Aim: a gnoll, wielding a +0 club (65% to hit)
You throw a boomerang. The boomerang closely misses the gnoll.
Throw: 8 boomerangs
Aim: a gnoll, wielding a +0 club (64% to hit)
You throw a boomerang. The boomerang barely misses the gnoll.
Throw: 8 boomerangs Really target yourself?
Okay, then.
A gnoll is nearby!
Throw: 8 boomerangs
Aim: a gnoll, wielding a +0 club (65% to hit)
You throw a boomerang. The boomerang hits the gnoll.
Throw: 8 boomerangs
Aim: a gnoll, wielding a +0 club (moderately wounded, 65% to hit)
You throw a boomerang. The boomerang closely misses the gnoll.
You barely miss the gnoll. The gnoll hits you with a +0 club.
* * * LOW HITPOINT WARNING * * *
You hit the gnoll. The gnoll hits you with a +0 club.
* * * LOW HITPOINT WARNING * * *
You hit the gnoll. You hit the gnoll but do no damage.
The gnoll hits you with a +0 club.
* * * LOW HITPOINT WARNING * * *
You barely miss the gnoll. You block the gnoll's attack.
You hit the gnoll. You closely miss the gnoll.
The gnoll hits you with a +0 club!
You die...

..###.#.....#..
.#.
.............(.
..>
.........o.o...
# #.# #.# #
###.# ... #
#...# #(# #
#.##### #)#
.... #.....#
#)# .##.
#..##.###@# #
#.......g.#
#..#.######
#.##....#####
#....<.......
###..........
.............
..###..........
######.....


You could see a gnoll.

Vanquished Creatures
  Robin (D:2)
  2 gnolls (D:3)
  A dart slug (D:2)
  3 leopard geckos
  6 orcs
  3 giant cockroaches
  8 hobgoblins
  2 jackals (D:1)
  5 kobolds
  A quokka (D:2)
  8 bats
  5 frilled lizards
  13 goblins
  2 rats
60 creatures vanquished.

Notes
Turn   | Place    | Note
-------+----------+-------------------------------------------
     0 | D:1      | MalarOregon the Halfling Hunter began the quest for the
                  | Orb.
     0 | D:1      | Reached XP level 1. HP: 14/14 MP: 1/1
    58 | D:1      | Reached XP level 2. HP: 10/19 MP: 2/2
   238 | D:1      | Reached skill level 1 in Long Blades
   754 | D:1      | Reached XP level 3. HP: 24/24 MP: 3/3
  1621 | D:2      | Noticed Robin
  1652 | D:2      | Found a blossoming altar of Fedhas.
  1828 | D:2      | Reached XP level 4. HP: 27/29 MP: 4/4
  1849 | D:2      | Killed Robin
  3118 | D:3      | Reached skill level 1 in Shields
  3118 | D:3      | Reached XP level 5. HP: 8/34 MP: 5/5
  3172 | D:3      | Mangled by a gnoll

Illustrated notes

Levels and vault maps discovered:
D:1:      dpeg_arrival_short_road, layout_loops_ring, minmay_tiny_reverse_x
D:2:      minmay_recursive_quarters, layout_loops_ring, lemuel_tele_altar,
          uniq_robin
D:3:      layout_basic

Skill      XL: |  1  2  3  4 |
---------------+-------------+-----
Fighting       | 2 |  2.3
Long Blades    | 1 2 |  2.1
Stealth        | 2 |  2.2
Shields        | 1 |  1.0
Throwing       | |  4.4
Dodging        | |  2.8

Action                   |  1- 3 |  4- 6 || total
-------------------------+-------+-------++-------
Melee: Short sword       |   132 |       ||   132
       Dagger            |    22 |    69 ||    91
Throw: Dart              |     7 |    30 ||    37
       Boomerang         |       |    19 ||    19
 Stab: Sleeping          |     2 |       ||     2
Armor: Leather armour    |    40 |     7 ||    47
Dodge: Dodged            |   141 |    35 ||   176
Block: Kite shield       |    19 |    19 ||    38
